 Dungeon Crawl Stone Soup version 0.20.1-1-g8b1a95d (webtiles) character file.

758 BALLS the Slasher (level 7, 0/37 HPs)
             Began as a Vine Stalker Fighter on Nov 28, 2017.
             Succumbed to an adder's poison
             ... on level 3 of the Dungeon.
             The game lasted 00:06:20 (1866 turns).

BALLS the Slasher (Vine Stalker Fighter)            Turns: 1866, Time: 00:06:21

Health: 0/37       AC: 10    Str: 21    XL:     7   Next: 80%
Magic:  0/8        EV:  7    Int:  8    God:
Gold:   64         SH:  0    Dex: 13    Spells: 6/6 levels left

rFire    . . .     SeeInvis .   a - +0 long sword
rCold    . . .     Gourm    .   c - +0 shield
rNeg     . . .     Faith    .   b - +0 scale mail
rPois    .         Spirit   +   l - +0 helmet (curse)
rElec    .         Reflect  .   (no cloak)
rCorr    .         Harm     .   o - +2 pair of gloves
MR       .....                  (no boots)
Stlth    ..........             (no amulet)
Regen    0.6/turn               (no ring)
MPRegen  0.2/turn               (no ring)

@: confused, lethally poisoned (0 -> -1)
A: fangs 2, regeneration 1, magic shield, antimagic bite, no potion heal 3, rot
immunity
a: no special abilities


You were on level 3 of the Dungeon.
You were hungry.

You visited 1 branch of the dungeon, and saw 3 of its levels.
You also visited: Sewer.

You collected 64 gold pieces.

Inventory:

Hand Weapons
 a - a +0 long sword (weapon)
Armour
 b - a +0 scale mail (worn)
 c - a +0 shield (worn)
 l - a cursed +0 helmet (worn)
 o - a +2 pair of gloves (worn)
Scrolls
 e - 3 scrolls of amnesia {unknown}
 g - a scroll of fear {unknown}
 j - 2 scrolls of remove curse {unknown}
 p - a scroll of fog {unknown}
Potions
 d - 3 potions of might
 i - a potion of heal wounds {unknown}
 m - 2 potions of haste {unknown}
 n - a potion of invisibility {unknown}
 q - a potion of brilliance {unknown}
Comestibles
 f - a bread ration
 h - a royal jelly
 k - 6 chunks of flesh
 r - a meat ration


   Skills:
 - Level 4.2 Fighting
 + Level 7.1 Long Blades
 - Level 2.4 Armour
 - Level 2.6 Shields


You had 6 spell levels left.
You didn't know any spells.

Dungeon Overview and Level Annotations

Branches:
Dungeon (3/15)

Altars:


Innate Abilities, Weirdness & Mutations

You have extremely sharp teeth.
Your natural rate of healing is unusually fast.
When hurt, damage is shared between your health and your magic reserves.
Your bite disrupts and absorbs the magic of your enemies.
Potions cannot restore your health.
You are immune to rotting.


Message History

An orc priest comes into view. It is wielding a trident.
You feel sick.
The orc priest shouts!
You block the adder's attack.
The orc priest calls down the wrath of Beogh upon you.
Beogh smites you!
* * * LOW HITPOINT WARNING * * *
The orc wizard points at you and mumbles some strange words.
You are confused.
The adder barely misses you. The rat bites you but does no damage.
Your shield prevents you from hitting the leopard gecko.
You feel sick. The gnoll hits you but does no damage.
The orc priest invokes the aid of Beogh against you.
Beogh smites you!
* * * LOW HITPOINT WARNING * * *
The adder closely misses you.
The leopard gecko bites you but does no damage.
The orc wizard hits you with a dagger. The rat bites you but does no damage.
A kobold comes into view.
You die...

# ..#......# #
###########.#......# #
#....gSg.##........# #
###...##...og......###
###g.#####.......... ###
##.# #ggS......o ).##
#S#####.rlow.....
#..######g##....S.h......
...........#....@...h..[.
#..######................
#..# #................
#..# #.#..............
#... #.......>.....#..
##..# #..........?....#
#... ....#.#.######.#
#..## #........# .K #.#
...#....#


You could see a worm, an orc wizard, 3 gnolls, 2 adders, an orc, a leopard
gecko, 2 jackals, a kobold (wandering) and a rat.

Vanquished Creatures
  8 big kobolds (Sewer)
  9 adders
  2 river rats (Sewer)
  6 worms
  A dart slug (D:2)
  5 leopard geckos
  5 orcs (D:3)
  3 ball pythons
  7 bats
  4 giant cockroaches
  7 goblins
  8 hobgoblins
  3 jackals (D:3)
  A quokka (D:2)
  2 frilled lizards
  13 kobolds
  9 rats
93 creatures vanquished.

Notes
Turn   | Place    | Note
-------+----------+-------------------------------------------
     0 | D:1      | BALLS the Vine Stalker Fighter began the quest for the Orb.
     0 | D:1      | Reached XP level 1. HP: 11/11 MP: 2/2
    18 | D:1      | Reached skill level 2 in Long Blades
   102 | D:1      | Reached XP level 2. HP: 16/16 MP: 3/3
   425 | D:1      | Reached skill level 3 in Long Blades
   452 | D:1      | Reached XP level 3. HP: 16/19 MP: 4/4
   856 | D:2      | Gained mutation: Your natural rate of healing is unusually fast. [Vine Stalker growth]
   856 | D:2      | Reached XP level 4. HP: 21/23 MP: 5/5
   930 | D:2      | Reached skill level 4 in Long Blades
  1090 | D:3      | Found a glowing drain.
  1110 | D:3      | Reached XP level 5. HP: 27/27 MP: 6/6
  1167 | Sewer    | Entered a sewer
  1188 | Sewer    | Noticed a big kobold
  1202 | Sewer    | Killed a big kobold
  1202 | Sewer    | Reached skill level 5 in Long Blades
  1213 | Sewer    | Noticed a big kobold
  1233 | Sewer    | Killed a big kobold
  1233 | Sewer    | Reached XP level 6. HP: 32/32 MP: 7/7
  1479 | Sewer    | Reached skill level 6 in Long Blades
  1479 | Sewer    | Reached XP level 7. HP: 37/37 MP: 8/8
  1755 | Sewer    | Reached skill level 7 in Long Blades
  1865 | D:3      | HP: 1/37 [orc priest/divine providence (10)]
  1866 | D:3      | Succumbed to an adder's poison

Skill      XL: |  1  2  3  4  5  6  7 |
---------------+----------------------+-----
Long Blades    | 2 3 4 5 6 7 |  7.1
Fighting       | 3 4 |  4.2
Armour         | |  2.4
Shields        | |  2.6

Action                   |  1- 3 |  4- 6 |  7- 9 || total
-------------------------+-------+-------+-------++-------
Melee: Long sword        |    82 |   182 |    90 ||   354
       Bite              |    29 |    43 |    24 ||    96
  Eat: Chunk             |       |     3 |     1 ||     4
Armor: Scale mail        |    41 |    74 |    40 ||   155
Dodge: Dodged            |    28 |    58 |    23 ||   109
Block: Shield            |    50 |    92 |    49 ||   191
       Rpst.: Long sword |    12 |    15 |     6 ||    33
